 Dungeon Crawl Stone Soup version 0.28.0-56-g4927b6849a (webtiles) character file.

Game seed: 9276747176455655508

25 Atelerd the Digger (level 3, -4/21 HPs)
             Began as an Octopode Earth Elementalist on Jan 25, 2023.
             Slain by an iguana (13 damage)
             ... on level 3 of the Dungeon.
             The game lasted 00:00:48 (1685 turns).

Atelerd the Digger (Octopode Earth Elementalist)    Turns: 1685, Time: 00:00:49

Health: -4/21      AC:  1    Str:  7    XL:     3   Next: 6%
Magic:  4/6        EV: 13    Int: 19    God:
Gold:   107        SH:  0    Dex: 12    Spells: 5/6 levels left

rFire   . . .      SeeInvis .   c - +0 dagger (holy)
rCold   . . .      Faith    .   (no shield)
rNeg    . . .      Spirit   .   (helmet restricted)
rPois   .          Reflect  .   (no amulet)
rElec   .          Harm     .   (no ring)
rCorr   .          Rampage  .   (no ring)
Will    .....                   (no ring)
Stlth   +++.......              (no ring)
HPRegen 0.07/turn               (no ring)
MPRegen 0.10/turn               (no ring)
                                (no ring)
                                (no ring)

@: no status effects
A: almost no armour, amphibious, 8 rings, camouflage 1, gelatinous body 1,
(nimble swimmer 1), tentacles
a: no special abilities


You were on level 3 of the Dungeon.
You visited 1 branch of the dungeon, and saw 3 of its levels.

You collected 107 gold pieces.

Inventory:

Hand Weapons
 c - a +0 dagger of holy wrath (weapon)
Missiles
 b - 33 stones
Jewellery
 f - a ring of wizardry
Scrolls
 g - a scroll of acquirement {unknown}
 h - 2 scrolls of identify {unknown}
 i - a scroll of enchant armour {unknown}
 j - a scroll of noise {unknown}
 k - 2 scrolls of fog {unknown}
 l - a scroll of silence {unknown}
Potions
 a - 2 potions of lignification {unknown}
 d - 2 potions of cancellation {unknown}
 e - a potion of mutation {unknown}


   Skills:
 - Level 2.2 Dodging
 - Level 2.8 Stealth
 + Level 2.2 Spellcasting
 * Level 1.1 Transmutations
 + Level 3.6 Earth Magic


You had 5 spell levels left.
You knew the following spells:

 Your Spells              Type           Power      Damage    Failure   Level
a - Sandblast             Erth           32%        2d9       3%          1

Your spell library contained the following spells:

 Spells                   Type           Power      Damage    Failure   Level
 Passwall                 Tmut/Erth      9%         N/A       10%         2
 Stone Arrow              Conj/Erth      18%        3d8       24%         3
 Petrify                  Tmut/Erth      11%        N/A       52%         4


Dungeon Overview and Level Annotations

Branches:
Dungeon (3/15)

Altars:


Innate Abilities, Weirdness & Mutations

You cannot wear most types of armour.
You are amphibious.
You can wear up to eight rings at the same time.
Your skin changes colour to match your surroundings (Stealth+).
Your rubbery body absorbs attacks. (AC +1, EV +1)
((You are camouflaged when in or above water. (Stealth+)))
You have tentacles for arms and can constrict up to eight enemies at once.


Message History

h - 2 scrolls labelled WEBO QUNNOFEI (gained 1)
An iguana comes into view.
Found a stone staircase leading up.
The iguana hisses angrily.
An iguana is nearby!
The iguana bites you!
Ouch! That really hurt!
An iguana is nearby!
You are too injured to fight recklessly!
You are too injured to fight recklessly!
You are too injured to fight recklessly!
An iguana is nearby!
You are too injured to fight recklessly!
An iguana is nearby!
You are too injured to fight recklessly!
You are too injured to fight recklessly!
An iguana is nearby!
You are too injured to fight recklessly!
You are too injured to fight recklessly!
An iguana is nearby!
You are too injured to fight recklessly!
Casting: Sandblast (safe; 3% risk of failure)
Confirm with . or Enter, or press ? or * to list all spells.
Aiming: Sandblast (safe; 3% risk of failure)
Press: ? - help, Shift-Dir - straight line, f - iguana
Aim: an iguana (82% to hit)
The blast of sand hits the iguana!
The iguana is heavily wounded.
The iguana barely misses you.
Unknown command.
Casting: Sandblast (safe; 3% risk of failure)
Confirm with . or Enter, or press ? or * to list all spells.
Aiming: Sandblast (safe; 3% risk of failure)
Press: ? - help, Shift-Dir - straight line, f/p - iguana
Aim: an iguana (heavily wounded, 82% to hit)
The blast of sand hits the iguana but does no damage.
The iguana is heavily wounded.
The iguana bites you!
Ouch! That really hurt!
You die...

#. #.# #.# #.#
#.# #.#
##.######
#...@l<.#
#..####.###
#.##.........#
#......###.#.#
#..###.###.#.#
#.. #.......)
##.###........
#.....###....
###.#.# ...


You could see an iguana.

Vanquished Creatures
  A worm (D:2)
  A dart slug (D:1)
  2 giant cockroaches (D:1)
  2 goblins
  A hobgoblin (D:1)
  2 jackals (D:1)
  2 quokkas (D:1)
  A ball python (D:3)
  A bat (D:1)
  2 frilled lizards
  3 kobolds
  2 rats (D:2)
20 creatures vanquished.

Notes
Turn   | Place    | Note
-------+----------+-------------------------------------------
     0 | D:1      | Atelerd the Octopode Earth Elementalist began the quest for
                  | the Orb.
     0 | D:1      | Reached XP level 1. HP: 11/11 MP: 3/3
   232 | D:1      | Reached XP level 2. HP: 16/17 MP: 1/5
  1234 | D:2      | Found a faded altar of an unknown god.
  1500 | D:2      | Reached XP level 3. HP: 16/21 MP: 3/6
  1685 | D:3      | Slain by an iguana

Illustrated notes

Levels and vault maps discovered:
D:1:      doesnt_arrival_eight_statues, layout_loops_ring
D:2:      layout_loops_ring, shapermc_ecumenical_altar_mp_highgroup
D:3:      layout_loops_ring, hangedman_abyss_or_decor_lesser_grid

Action                   || total
-------------------------++-------
Melee: Dagger            ||    10
       Constrict         ||     2
       Punch             ||     1
       Tentacles         ||     1
 Cast: Sandblast         ||    25
 Stab: Sleeping          ||     1
Dodge: Dodged            ||     8
